 Dungeon Crawl Stone Soup version 0.17.0-28-g6e173f8 (webtiles) character file.

23 coffecat the Caller (level 2, -5/15 HPs)
             Began as a Deep Elf Summoner on Nov 29, 2015.
             Killed from afar by Natasha (6 damage)
             ... with a magic dart
             ... on level 2 of the Dungeon.
             The game lasted 00:08:42 (1519 turns).

coffecat the Caller (Deep Elf Summoner)             Turns: 1519, Time: 00:08:42

Health: -5/15      AC:  2    Str:  5    XL:     2   Next: 75%
Magic:  5/8        EV: 13    Int: 19    God:
Gold:   101        SH:  0    Dex: 15    Spells: 1 memorised, 7 levels left

rFire  . . .     SeeInvis .     (no weapon)
rCold  . . .     Clarity  .     a - +0 robe
rNeg   . . .     SustAt   .     (no shield)
rPois  .         Gourm    .     (no helmet)
rElec  .         Spirit   .     (no cloak)
rCorr  .         Warding  .     (no gloves)
rMut   .         Stasis   .     (no boots)
MR     .....                    (no amulet)
Stlth  ++........               (no ring)
                                (no ring)

@: slowed, very slow, not resistant to hostile enchantments, unstealthy
A: no striking features
a: no special abilities


You were on level 2 of the Dungeon.
You were not hungry.

You visited 1 branch of the dungeon, and saw 2 of its levels.

You collected 101 gold pieces.

Inventory:

Armour
 a - a +0 robe (worn)
 o - a +0 robe
Jewellery
 n - an uncursed amulet of rage {unknown}
Scrolls
 f - a scroll of teleportation {unknown}
 h - 2 scrolls of remove curse {unknown}
 j - a scroll of enchant armour {unknown}
 l - a scroll of amnesia {unknown}
Potions
 d - a potion of agility {unknown}
 e - 2 potions of beneficial mutation {unknown}
 g - a potion of degeneration {unknown}
 i - a potion of heal wounds {unknown}
 k - a potion of resistance {unknown}
 m - a potion of curing {unknown}
Books
 b - a book of Callings

   Spells                             Type                      Level
   a - Summon Small Mammal            Summoning                    1
   b - Call Imp                       Summoning                    2
   c - Call Canine Familiar           Summoning                    3
   d - Summon Guardian Golem          Hexes/Summoning              3
   e - Summon Lightning Spire         Summoning/Air                4
   f - Summon Ice Beast               Ice/Summoning                4
Comestibles
 c - a bread ration


   Skills:
 + Level 2.5 Dodging
 + Level 2.6 Stealth
 + Level 3.5 Spellcasting
 + Level 5.0 Summonings


You had 7 spell levels left.
You knew the following spells:

 Your Spells              Type           Power        Failure   Level  Hunger
a - Summon Small Mammal   Summ           ###.         1%          1    None


Dungeon Overview and Level Annotations

Branches:
Dungeon (2/15)

Altars:

Annotations:
D:2 Natasha


Message History

Your rat's corpse disappears in a puff of smoke!
Natasha claws you.
Your quokka misses Natasha. Natasha closely misses you.
Your quokka closely misses Natasha. x2
Your quokka bites Natasha but does no damage.
Natasha claws you but does no damage.
Your quokka bites Natasha.
Natasha casts a spell.
Casting: Summon Small Mammal
Confirm with . or Enter, or press ? or * to list all spells.
Your quokka bites Natasha.
The shadow imp closely misses your quokka.
Natasha claws you!
Ouch! That really hurt!
* * * LOW HITPOINT WARNING * * *
Your quokka bites Natasha.
The shadow imp barely misses your quokka.
Natasha mumbles some strange words.
Natasha glows brightly for a moment.
Natasha stares at you and mumbles some strange words.
The magic dart hits you!
You die...

..#
.#################
..)..............#
################.#
#.# #.# #.#
##########r# ....#
#........#@########
....##
#...........#
.....#
#rh#.#####.##
#....# #55#.# #.#
...... #..#.# #.#
.....# #..#.#####.#
.....# #..#...r...#
.....# ...#########
...... #...#


You could see Natasha, 2 shadow imps and 2 friendly quokkas.

Vanquished Creatures (collateral kills)
  2 oozes
  2 bats (D:1)
  2 giant cockroaches (D:2)
  3 goblins
  7 hobgoblins
  A kobold (D:2)
  A giant gecko (D:2)
  3 giant newts
  4 jackals (D:1)
  3 rats (D:1)
28 creatures vanquished.

Notes
Turn   | Place    | Note
--------------------------------------------------------------
     0 | D:1      | coffecat the Deep Elf Summoner began the quest for the Orb.
     0 | D:1      | Reached XP level 1. HP: 10/10 MP: 6/6
   537 | D:1      | Reached XP level 2. HP: 15/15 MP: 4/8
  1335 | D:2      | Reached skill level 5 in Summonings
  1505 | D:2      | Noticed Natasha
  1519 | D:2      | Killed from afar by Natasha

Action                   || total
-------------------------++-------
Melee: Unarmed           ||     5
 Cast: Summon Small Mamm ||    64
  Eat: Bread ration      ||     1
